 Dungeon Crawl Stone Soup version 0.29-a0-563-g64e4043184 (webtiles) character file.

Game seed: 16675959894120626044

336552 Zonian the Magus (level 21, -1/159 (166) HPs)
             Began as a Gnoll Ice Elementalist on June 8, 2022.
             Was an Elder of Nemelex Xobeh.
             Slain by a vault guard
             ... wielding a +3 broad axe
              (11 damage)
             ... on level 4 of the Vaults on June 11, 2022.
             The game lasted 05:18:57 (71560 turns).

Zonian the Magus (Gnoll Ice Elementalist)          Turns: 71560, Time: 05:19:06

HP:   -1/159 (166)  AC: 26    Str: 15    XL:     21   Next: 89%
MP:   40/40         EV: 21    Int: 17    God:    Nemelex Xobeh [****..]
Gold: 1304          SH:  5    Dex: 24    Spells: 2/50 levels left

rFire   + + +      SeeInvis .   V - +11 great mace of the Inferno {vorpal, rF+}
rCold   + . .      Faith    .   (shield currently unavailable)
rNeg    . . .      Spirit   .   H - +1 scale mail "Cufueck" {Contam rF++ Dex+4 Slay+3}
rPois   +          Reflect  +   Q - +2 helmet
rElec   +          Harm     .   K - +2 cloak of Zinix {Str+2 Dex+4 Stlth+}
rCorr   .          Rampage  ∞   Z - +2 pair of gloves {Stlth+}
Will    +....                   O - +3 pair of seven-league boots {Rampage+∞}
Stlth   +++++++...              v - amulet of reflection
HPRegen 0.36/turn               C - ring of Hidgh {Fly rElec rPois rC+}
MPRegen 0.27/turn               Y - +4 ring of slaying

@: flying, lightly drained
A: fangs 1, strong nose, distributed training
}: 2/15 runes: decaying, gossamer
a: Renounce Religion, Draw Escape, Draw Destruction, Draw Summoning, Draw Stack,
Triple Draw, Deal Four


You were on level 4 of the Vaults.
You worshipped Nemelex Xobeh.
Nemelex Xobeh was greatly pleased with you.
You visited 8 branches of the dungeon, and saw 40 of its levels.
You visited the Abyss 1 time.
You also visited: Trove and Gauntlet.

You collected 5103 gold pieces.
You spent 3799 gold pieces at shops.

Inventory:

Hand Weapons
 e - the +11 quarterstaff of Arbitration {flame, rF++ rC+}
   (You found it on level 2 of the Lair of Beasts)

   It burns those it strikes, dealing additional fire damage.
   rF:        It greatly protects you from fire.
   rC:        It protects you from cold.
 s - the +9 staff of Olgreb {rPois∞}
   (You found it on level 11 of the Dungeon)

   If the wielder is skilled in Evocations, they can envenom those struck by it,
   dealing poison damage which bypasses armour.
   It enhances your poison magic.
   It grants immunity to poison.
   It can be activated via the 'a'bility menu to radiate toxic energy, with
   effectiveness depending on Evocations skill.
 J - a +3 rapier of draining
 P - the +3 Elemental Staff {rElec rF++ rC++ AC+5}
   (You acquired it on level 5 of the Lair of Beasts)

   If the wielder is skilled in Evocations, they can discharge powerful blasts
   of elemental energy when striking with it.
   It enhances your fire, ice, earth and air magic.
   AC:        It affects your AC (+5).
   rF:        It greatly protects you from fire.
   rC:        It greatly protects you from cold.
   rElec:     It insulates you from electricity.
 T - the +10 zealot's sword {holy, *Rage rN+ EV+3}
   (You took it off a deep elf annihilator on level 3 of the Elven Halls)

   It has been blessed by the Shining One to cause great damage to the undead
   and demons.
   Whenever the wielder enters a berserk rage, their allies are berserked
   alongside them.
   EV:        It affects your evasion (+3).
   rN:        It protects you from negative energy.
   *Rage:     It berserks you when you make melee attacks (+20% chance).
 V - the +11 great mace of the Inferno (weapon) {vorpal, rF+}
   (You found it on level 4 of the Swamp)

   It inflicts extra damage upon your enemies.
   rF:        It protects you from fire.
 W - a +6 fustibalus of venom
Missiles
 x - 13 javelins
 z - 2 throwing nets
 I - 6 curare-tipped darts
Armour
 u - the +1 troll leather armour of Egalitarianism {rPois Regen+ Str+3}
   (You bought it in a shop on level 2 of the Orcish Mines)

   Str:       It affects your strength (+3).
   rPois:     It protects you from poison.
   Regen:     It increases your rate of health regeneration.
 H - the +1 scale mail "Cufueck" (worn) {Contam rF++ Dex+4 Slay+3}
   (You took it off a deep elf high priest on level 3 of the Elven Halls)

   Dex:       It affects your dexterity (+4).
   Slay:      It affects your accuracy & damage with ranged weapons and melee
   (+3).
   rF:        It greatly protects you from fire.
   Contam:    It causes magical contamination when unequipped.
 K - the +2 cloak of Zinix (worn) {Str+2 Dex+4 Stlth+}
   (You found it on level 4 of the Vaults)

   Str:       It affects your strength (+2).
   Dex:       It affects your dexterity (+4).
   Stlth:     It makes you more stealthy.
 O - the +3 pair of seven-league boots (worn) {Rampage+∞}
   (You found it on level 3 of the Elven Halls)

   Its wearer moves as far as possible in that direction when moving towards
   enemies.
 Q - a +2 helmet (worn)
 Z - a +2 pair of gloves of stealth (worn)
Jewellery
 o - the ring of Wikiluyd {Wiz Str-5 Int+7 Dex+2 SInv}
   (You found it in a Gauntlet)

   [ring of wizardry]

   It improves your spell success rate.
   Str:       It affects your strength (-5).
   Int:       It affects your intelligence (+7).
   Dex:       It affects your dexterity (+2).
   SInv:      It lets you see invisible.
 v - an amulet of reflection (around neck)
 A - a ring of flight
 C - the ring of Hidgh (left hand) {Fly rElec rPois rC+}
   (You bought it in a shop on level 4 of the Dungeon)

   [ring of flight]

   rC:        It protects you from cold.
   rElec:     It insulates you from electricity.
   rPois:     It protects you from poison.
   Fly:       It grants you flight.
 Y - a +4 ring of slaying (right hand)
Wands
 l - a wand of mindburst (14)
 F - a wand of flame (46)
 L - a wand of acid (6)
 N - a wand of digging (18)
 S - a wand of iceblast (9)
Scrolls
 a - 10 scrolls of teleportation
 d - 4 scrolls of blinking
 g - 8 scrolls of fog
 j - 12 scrolls of magic mapping
 m - 3 scrolls of immolation
 p - 9 scrolls of poison
 D - 6 scrolls of silence
 E - 4 scrolls of summoning
Potions
 b - 9 potions of magic
 c - a potion of cancellation
 h - 3 potions of resistance
 i - 5 potions of brilliance
 r - 14 potions of curing
 t - 2 potions of invisibility
 w - 6 potions of might
 B - 4 potions of heal wounds
 G - 4 potions of haste
 M - 6 potions of ambrosia
 R - 3 potions of berserk rage
Miscellaneous
 f - a tin of tremorstones (1/2)
 k - a box of beasts
 y - a box of beasts
 U - a lightning rod (4/4)
 X - a condenser vane


   Skills:
 + Level 14.7 Fighting
 + Level 14.7 Short Blades
 + Level 14.7 Long Blades
 + Level 14.7 Axes
 + Level 14.7 Maces & Flails
 + Level 14.7 Polearms
 + Level 14.7 Staves
 + Level 14.7 Slings
 + Level 14.7 Bows
 + Level 14.7 Crossbows
 + Level 14.7 Throwing
 + Level 14.7 Armour
 + Level 15.3 Dodging
 + Level 15.2 Stealth
 + Level 14.7 Shields
 + Level 14.7 Unarmed Combat
 + Level 15.4 Spellcasting
 + Level 12.5 Conjurations
 + Level 12.5 Hexes
 + Level 12.5 Summonings
 + Level 12.5 Necromancy
 + Level 12.5 Translocations
 + Level 12.5 Transmutations
 + Level 12.5 Fire Magic
 + Level 14.2 Ice Magic
 + Level 12.5 Air Magic
 + Level 12.5 Earth Magic
 + Level 12.5 Poison Magic
 + Level 15.9 Invocations
 + Level 14.7 Evocations


You had 2 spell levels left.
You knew the following spells:

 Your Spells              Type           Power      Damage    Failure   Level
a - Manifold Assault      Tloc           54%        N/A       1%          5
b - Frozen Ramparts       Ice            100%       1d12      1%          3
c - Ozocubu's Armour      Ice            57%        N/A       1%          3
d - Dazzling Flash        Conj/Hex       100%       N/A       1%          3
e - Hailstorm             Conj/Ice       56%        3d12      1%          4
f - Iskenderun's Mystic   Conj/Tloc      54%        2d12      1%          4
g - Lee's Rapid Deconstr  Erth           27%        3d15*     1%          5
h - Iron Shot             Conj/Erth      27%        9d6       12%         6
i - Summon Forest         Summ/Tloc      27%        N/A       1%          5
j - Silence               Hex/Air        27%        N/A       1%          5
k - Borgnjor's Vile Clut  Necr/Erth      27%        N/A       1%          5

Your spell library contained the following spells:

 Spells                   Type           Power      Damage    Failure   Level
 Apportation              Tloc           100%       N/A       1%          1
 Foxfire                  Conj/Fire      100%       2x1d9     1%          1
 Freeze                   Ice            100%       1d11      1%          1
 Necrotize                Necr           100%       1d9       1%          1
 Slow                     Hex            100%       N/A       1%          1
 Sting                    Tmut/Pois      100%       1d8       1%          1
 Summon Small Mammal      Summ           100%       N/A       1%          1
 Blink                    Tloc           100%       N/A       1%          2
 Poisonous Vapours        Pois/Air       100%       N/A       1%          2
 Call Canine Familiar     Summ           54%        N/A       1%          3
 Confusing Touch          Hex            54%        N/A       1%          3
 Conjure Flame            Conj/Fire      54%        6-21      1%          3
 Ignite Poison            Fire/Tmut/Pois 54%        N/A       1%          3
 Inner Flame              Hex/Fire       54%        N/A       1%          3
 Mephitic Cloud           Conj/Pois/Air  54%        N/A       1%          3
 Portal Projectile        Hex/Tloc       100%       N/A       1%          3
 Summon Guardian Golem    Hex/Summ       54%        N/A       1%          3
 Teleport Other           Tloc           54%        N/A       1%          3
 Tukima's Dance           Hex            54%        N/A       1%          3
 Vampiric Draining        Necr           54%        2d9       1%          3
 Anguish                  Hex/Necr       27%        N/A       1%          4
 Animate Dead             Necr           54%        N/A       1%          4
 Cause Fear               Hex            27%        N/A       1%          4
 Fulminant Prism          Conj/Hex       27%        3d14      1%          4
 Ice Form                 Ice/Tmut       56%        N/A       1%          4
 Leda's Liquefaction      Hex/Erth       27%        N/A       1%          4
 Olgreb's Toxic Radiance  Pois           54%        N/A       1%          4
 Sticky Flame             Conj/Fire      54%        2d7       1%          4
 Summon Ice Beast         Ice/Summ       56%        N/A       1%          4
 Agony                    Necr           54%        N/A       1%          5
 Alistair's Intoxication  Tmut/Pois      36%        N/A       1%          5
 Blade Hands              Tmut           27%        N/A       1%          5
 Fireball                 Conj/Fire      27%        3d12      1%          5
 Freezing Cloud           Conj/Ice/Air   27%        6-21      1%          5
 Iskenderun's Battlesphe  Conj           54%        2d10      1%          5
 Metabolic Englaciation   Hex/Ice        28%        N/A       1%          5
 Summon Mana Viper        Hex/Summ       54%        N/A       1%          5
 Yara's Violent Unravell  Hex/Tmut       27%        3d12      1%          5
 Simulacrum               Ice/Necr       28%        N/A       8%          6
 Eringya's Noxious Bog    Tmut/Pois      27%        N/A       12%         6
 Starburst                Conj/Fire      27%        6d9       12%         6
 Summon Cactus Giant      Summ           27%        N/A       12%         6
 Enfeeble                 Hex            27%        N/A       54%         7
 Haunt                    Necr/Summ      27%        N/A       54%         7
 Monstrous Menagerie      Summ           27%        N/A       54%         7
 Orb of Destruction       Conj           27%        9d9       54%         7
 Spellforged Servitor     Conj/Summ      27%        N/A       54%         7
 Storm Form               Tmut/Air       27%        N/A       54%         7
 Discord                  Hex            27%        N/A       99%         8
 Disjunction              Tloc           27%        N/A       99%         8
 Infestation              Necr           27%        N/A       99%         8
 Fire Storm               Conj/Fire      27%        8d7       100%        9


Dungeon Overview and Level Annotations

Branches:
Dungeon (15/15)            Temple (1/1) D:4            Lair (6/6) D:11
  Swamp (4/4) Lair:2       Spider (4/4) Lair:3        Slime (0/5) Lair:5
    Orc (2/2) D:9             Elf (3/3) Orc:2        Vaults (5/5) D:13
  Crypt (0/3) Vaults:2     Depths (0/4) D:15        Gauntlet (visited)

Altars:
Ashenzari
Cheibriados
Dithmenos
Elyvilon
Fedhas
Gozag
Hepliaklqana
Kikubaaqudgha
Makhleb
Nemelex Xobeh
Okawaru
Qazlal
Ru
Sif Muna
Trog
Uskayaw
Vehumet
Wu Jian
Xom
Yredelemnul
Zin
The Shining One
Beogh
Jiyva

Shops:
D:3 *   D:4 =   D:7 !   Orc:1 =   Orc:2 [(*([   Elf:2 (*   Elf:3 =:
Vaults:1 [

Portals:
Hell: Lair:6

Annotations:
D:4 1 runed translucent door, Crazy Yiuf
D:11 1 runed translucent door
Swamp:1 2 transporters
Swamp:3 Roxanne
Spider:3 exclusion: ice statue
Elf:2 3 runed translucent doors


Innate Abilities, Weirdness & Mutations

You have very sharp teeth.
Your uncanny sense of smell can sniff out nearby items.
Your experience applies equally to all skills.


Message History

* * * LOW HITPOINT WARNING * * *
The burst of rock shards engulfs the vault guard.
Flame seeps out of the vault guard.
The burst of rock shards engulfs the vault guard!
Flame seeps out of the vault guard.
The burst of rock shards engulfs the vault guard but does no damage.
The burst of rock shards engulfs the vault guard!
Flame seeps out of the vault guard.
The burst of rock shards engulfs the vault guard but does no damage.
The burst of rock shards engulfs the vault guard.
Flame seeps out of the vault guard.
The burst of rock shards engulfs the vault guard but does no damage.
The burst of rock shards engulfs you but does no damage.
The burst of rock shards engulfs the vault guard.
Flame seeps out of the vault guard.
The burst of rock shards engulfs the vault guard!
Flame seeps out of the vault guard.
The burst of rock shards engulfs the vault guard!
Flame seeps out of the vault guard.
The vault guard is engulfed in blazing flames.
Flame seeps out of the vault guard.
The vault guard misses you.
The vault guard is engulfed in blazing flames.
Flame seeps out of the vault guard.
The vault guard hits you with a +0 dire flail!!
* * * LOW HITPOINT WARNING * * *
The vault guard is engulfed in blazing flames.
Flame seeps out of the vault guard.
The vault guard is engulfed in blazing flames.
Flame seeps out of the vault guard.
The vault guard hits you with a +0 great sword!
* * * LOW HITPOINT WARNING * * *
The vault guard is engulfed in blazing flames.
Flame seeps out of the vault guard.
The vault guard barely misses you.
The vault guard is engulfed in blazing flames.
Flame seeps out of the vault guard.
The vault guard hits you but does no damage.
You feel drained.
The vault guard hits you with a +3 broad axe!
You die...
Your body glows slightly and disappears.

##.#.#...#.#.###.....#
##..#..#.#..#..##.....###
#...+...#...'...'.....##.
##..#..#.#..#..##.....##.
##.#.#...#.#.###.....##.
#.###.....###.##.....##.
#..####p####..##.....##.
#.).#.pppp#...##.....##.
#....#p@p#....##.....##.
#######p########.....##.
### #.....##.
##############.....##.
#............#.....##.
#......[[....#.....###
#.......[....'.)).....
#............#..).....
#............#........


You could see 8 vault guards.

Vanquished Creatures
  Bai Suzhen (Swamp:3)
  Jory (Vaults:2)
  Nikola (Swamp:1)
  Jorgrun (Swamp:3)
  Zenata (Elf:1)
  Asterion (Vaults:3)
  2 deep elf master archers (Elf:3)
  The ghost of Vioczuc the Bludgeoner, an adept TrCK of Xom (Swamp:4)
  A tentacled starspawn (Abyss:2)
  The ghost of Teuz the Warrior, an adept DrFE of the Shining One (Swamp:4)
  2 deep elf blademasters (Elf:3)
  A sphinx (Vaults:4)
  A storm dragon (Spider:4)
  2 revenants (Vaults:2)
  4 thorn hunters (Swamp:4)
  3 emperor scorpions
  6 deep elf sorcerers
  8 vault wardens
  4 ghost moths
  3 orc warlords
  3 deep elf elementalists (Elf:3)
  3 ghouls
  A stone giant (Vaults:3)
  15 ironbound preservers
  A war gargoyle (Vaults:2)
  5 ironbound thunderhulks
  2 broodmothers (Spider:3)
  5 very ugly things
  An eleionoma (Swamp:4)
  A black draconian (Abyss:2)
  Azrael (Orc:1)
  9 dire elephants
  2 deep elf demonologists (Elf:3)
  6 entropy weavers
  2 spark wasps (Spider:4)
  A white draconian (Abyss:2)
  8 bunyips
  5 deep elf annihilators (Elf:3)
  4 deep elf death magi (Elf:3)
  2 crystal guardians
  4 yaktaur captains
  An ettin (Vaults:4)
  4 deep elf high priests
  A shambling mangrove (Swamp:3)
  A hydra (shapeshifter) (Elf:2)
  13 boulder beetles
  3 rakshasas
  7 great orbs of eyes
  6 vault guards
  24 hydras
  Erica (D:8)
  A jorogumo (Spider:4)
  A two-headed ogre (shapeshifter) (Gauntlet)
  5 catoblepae
  3 peacekeepers
  An ogre mage (Orc:2)
  17 centaur warriors
  A radroach (Spider:4)
  12 dancing weapons
  7 alligators
  8 ironbound frosthearts
  A naga warrior (Abyss:2)
  10 two-headed ogres
  A death scarab (Gauntlet)
  A tengu warrior (D:15)
  8 orc high priests
  10 death yaks
  A vampire mage (Vaults:2)
  A spriggan berserker (Swamp:4)
  A storm dragon zombie (Abyss:2)
  13 deep elf knights
  2 sixfirhies
  6 pharaoh ants
  A wretched star (Abyss:2)
  A spatial maelstrom (Abyss:2)
  A sun moth (Spider:2)
  6 goliath frogs
  5 skeletal warriors (D:15)
  8 swamp dragons
  34 deep trolls
  A death drake (Swamp:4)
  A cherub (Spider:4)
  10 bog bodies
  6 spriggan druids
  8 orb spiders
  5 steelbarb worms
  A wolf spider zombie (D:15)
  2 glowing orange brains
  12 deep elf archers
  5 wizards
  10 large abominations (Abyss:2)
  An obsidian statue (Vaults:4)
  9 ironbound convokers
  A lindwurm (Vaults:4)
  19 deep elf pyromancers
  10 orc knights
  A phantasmal warrior (Vaults:2)
  18 deep elf zephyrmancers
  21 wolf spiders
  A wolf spider (shapeshifter) (Gauntlet)
  3 orc sorcerers
  An oklob plant (Lair:4)
  5 cyclopes
  A salamander (shapeshifter) (Elf:2)
  15 ugly things
  2 will-o-the-wisps
  9 centaur zombies (D:15)
  2 manticores (D:14)
  A salamander (Abyss:2)
  A moth of wrath (Spider:4)
  An apocalypse crab (Abyss:2)
  Joseph (Lair:1)
  3 torpor snails
  16 vault sentinels
  9 black mambas
  A guardian serpent (Abyss:2)
  2 orange demons (Lair:6)
  2 gargoyles (D:12)
  3 unseen horrors
  10 cane toads
  9 komodo dragons
  8 demonic crawlers
  A naga skeleton (Abyss:2)
  4 rime drakes
  17 yaktaurs
  A red devil (Lair:6)
  2 hellwings
  2 ice devils (Lair:6)
  3 tengu conjurers
  A harpy zombie (D:15)
  6 meliai (Spider:4)
  A queen bee (Spider:4)
  5 trolls
  A bloated husk (Swamp:1)
  31 tarantellas
  16 hornets
  3 raiju (Abyss:2)
  8 tyrant leeches
  A dream sheep (Lair:6)
  3 polar bears
  A snapping turtle (shapeshifter) (Gauntlet)
  2 meliai zombies (D:15)
  36 slime creatures
  9 blink frogs
  34 jumping spiders
  Sigmund (D:2)
  2 air elementals
  4 starcursed masses (Abyss:2)
  40 yaks
  4 centaur simulacra (Gauntlet)
  13 spriggans
  13 culicivoras
  A spriggan (shapeshifter) (D:15)
  2 water elementals (Elf:3)
  A vampire (D:11)
  2 wraiths
  6 wyverns
  2 chaos spawn (Abyss:2)
  A fire bat (Spider:4)
  A spectral komodo dragon (Gauntlet)
  8 fire elementals
  A hog (shapeshifter) (D:13)
  A human (shapeshifter) (D:15)
  A golden eye (Spider:4)
  A golden eye (shapeshifter) (Elf:1)
  8 basilisks
  52 redbacks
  A neqoxec (Abyss:2)
  2 steam dragons
  9 vampire mosquitoes
  10 wargs
  2 nagas (Abyss:2)
  7 hell hounds
  11 swamp worms
  20 water moccasins
  A floating eye (Swamp:4)
  3 black bears
  A swamp drake (shapeshifter) (Gauntlet)
  51 orc warriors
  11 swamp drakes
  A hornet zombie (D:15)
  A sky beast (D:8)
  17 wolves
  7 ogres
  4 centaurs
  7 boggarts
  A phantom (D:5)
  2 kobold brigands
  3 necrophages
  16 bullfrogs
  6 earth elementals
  5 wights (D:7)
  A hornet simulacrum (Gauntlet)
  31 killer bees
  3 small abominations (Abyss:2)
  An electric eel (Elf:3)
  4 howler monkeys
  2 jellies
  3 hounds
  44 orc priests
  Terence (D:2)
  A boggart zombie (D:15)
  4 iguanas
  18 orc wizards
  8 gnolls
  6 adders
  2 ufetubi
  A worm (D:2)
  A dart slug (D:1)
  111 orcs
  11 endoplasms
  3 giant cockroaches
  9 goblins
  4 hobgoblins
  8 jackals
  20 kobolds
  2 quokkas
  A ball python (D:1)
  A bat (D:2)
  9 frilled lizards
  7 rats
  A starspawn tentacle (Abyss:2)
1471 creatures vanquished.

Vanquished Creatures (collateral kills)
  Xtahua (Vaults:3)
  A vault warden (Vaults:3)
  An ironbound frostheart (Vaults:3)
  A two-headed ogre (Vaults:3)
  A death yak (D:11)
  An orc high priest (Vaults:3)
  A goliath frog (Swamp:3)
  A glowing orange brain (Vaults:3)
  An ironbound convoker (Vaults:3)
  A wizard (Elf:1)
  2 orc knights (Vaults:3)
  A will-o-the-wisp (Swamp:3)
  A tarantella (Spider:4)
  A culicivora (Spider:4)
  A yak (D:9)
  A basilisk (D:11)
  An orc warrior (Vaults:3)
18 creatures vanquished.

Vanquished Creatures (others)
  A deep elf knight (Elf:3)
  A komodo dragon (Lair:6)
  A swamp worm (Swamp:3)
  An orc warrior (Elf:2)
  4 foxfires (Swamp:2)
  36 fungi
  62 plants
  5 starspawn tentacles (Abyss:2)
111 creatures vanquished.

Grand Total: 1600 creatures vanquished

Notes
Turn   | Place    | Note
-------+----------+-------------------------------------------
     0 | D:1      | Zonian the Gnoll Ice Elementalist began the quest for the
                  | Orb.
     0 | D:1      | Reached XP level 1. HP: 13/13 MP: 6/6
   312 | D:1      | Reached XP level 2. HP: 19/19 MP: 4/7
   950 | D:1      | Reached skill level 5 in Spellcasting
   950 | D:1      | Reached XP level 3. HP: 25/25 MP: 6/9
  1361 | D:2      | Noticed Terence
  1424 | D:1      | Learned a level 3 spell: Frozen Ramparts
  1428 | D:1      | Learned a level 3 spell: Ozocubu's Armour
  1550 | D:2      | Reached skill level 1 in Invocations
  1714 | D:2      | Killed Terence
  1715 | D:2      | Reached skill level 1 in Fighting
  1715 | D:2      | Reached skill level 1 in Short Blades
  1715 | D:2      | Reached skill level 1 in Long Blades
  1715 | D:2      | Reached skill level 1 in Axes
  1715 | D:2      | Reached skill level 1 in Maces & Flails
  1715 | D:2      | Reached skill level 1 in Polearms
  1715 | D:2      | Reached skill level 1 in Staves
  1715 | D:2      | Reached skill level 1 in Slings
  1715 | D:2      | Reached skill level 1 in Bows
  1715 | D:2      | Reached skill level 1 in Crossbows
  1715 | D:2      | Reached skill level 1 in Throwing
  1715 | D:2      | Reached skill level 1 in Armour
  1715 | D:2      | Reached skill level 1 in Shields
  1715 | D:2      | Reached skill level 1 in Unarmed Combat
  1715 | D:2      | Reached skill level 1 in Evocations
  1715 | D:2      | Reached XP level 4. HP: 32/32 MP: 1/11
  1900 | D:2      | Noticed Sigmund
  2165 | D:2      | Killed Sigmund
  2166 | D:2      | Reached skill level 1 in Conjurations
  2166 | D:2      | Reached skill level 1 in Hexes
  2166 | D:2      | Reached skill level 1 in Summonings
  2166 | D:2      | Reached skill level 1 in Necromancy
  2166 | D:2      | Reached skill level 1 in Translocations
  2166 | D:2      | Reached skill level 1 in Transmutations
  2166 | D:2      | Reached skill level 1 in Fire Magic
  2166 | D:2      | Reached skill level 1 in Air Magic
  2166 | D:2      | Reached skill level 1 in Earth Magic
  2166 | D:2      | Reached skill level 1 in Poison Magic
  2166 | D:2      | Reached XP level 5. HP: 33/38 MP: 12/12
  2166 | D:2      | Reached XP level 6. HP: 39/44 MP: 13/13
  2735 | D:3      | Found Baojie's General Store.
  2747 | D:3      | Bought 2 potions of curing for 60 gold pieces
  2747 | D:3      | Bought a potion of might for 40 gold pieces
  3569 | D:3      | Found a bloodstained altar of Trog.
  3577 | D:3      | Reached skill level 5 in Dodging
  5072 | D:4      | Reached XP level 7. HP: 47/50 MP: 10/15
  5122 | D:4      | Learned a level 3 spell: Dazzling Flash
  5339 | D:4      | Found Cuozxia's Jewellery Shop.
  5621 | D:4      | Found a staircase to the Ecumenical Temple.
  5632 | Temple   | Entered the Ecumenical Temple
  5700 | Temple   | Became a worshipper of Nemelex Xobeh the Trickster
  5784 | D:4      | Found a runed translucent door.
  5785 | D:4      | Noticed Crazy Yiuf
  5900 | D:4      | Found a radiant altar of Vehumet.
  6014 | D:5      | Entered Level 5 of the Dungeon
  6085 | D:5      | Reached skill level 5 in Stealth
  6257 | D:5      | Found a blossoming altar of Fedhas.
  6354 | D:5      | Reached XP level 8. HP: 52/57 MP: 12/16
  6678 | D:5      | Reached * piety under Nemelex Xobeh
  6698 | D:5      | Received a gift from Nemelex Xobeh
  6895 | D:5      | Found a shimmering blue altar of Sif Muna.
  6895 | D:5      | Found a white marble altar of Elyvilon.
  7499 | D:6      | Found a basalt altar of Yredelemnul.
  7506 | D:6      | Found a sacrificial altar of Ru.
  7557 | D:6      | Reached ** piety under Nemelex Xobeh
  8046 | D:7      | You fall into a shaft and drop 3 floors!
  8046 | D:10     | Entered Level 10 of the Dungeon
  8046 | D:10     | Found a broken altar of Ashenzari.
  8072 | D:9      | Noticed a yak
  8072 | D:9      | Noticed a yak
  8072 | D:9      | Noticed a yak
  8072 | D:9      | Noticed a yak
  8072 | D:9      | Noticed a yak
  8072 | D:9      | Noticed a yak
  8077 | D:9      | Killed a yak
  8470 | D:8      | Noticed a hornet
  8491 | D:8      | Received a gift from Nemelex Xobeh
  8522 | D:7      | Noticed a hornet
  8593 | D:7      | Killed a hornet
  8594 | D:7      | Reached XP level 9. HP: 48/65 MP: 12/18
  9118 | D:7      | Found Wyr Gups's Distillery.
  9128 | D:7      | Bought a potion of haste for 120 gold pieces
  9128 | D:7      | Bought a potion of curing for 36 gold pieces
  9765 | D:8      | Found a transporter.
  9935 | D:8      | Noticed Erica
  9936 | D:8      | Found a transporter.
  9936 | D:8      | Noticed a two-headed ogre
 10157 | D:8      | Found an ancient bone altar of Kikubaaqudgha.
 10175 | D:8      | Paralysed by a hornet for 1 turns
 10178 | D:8      | Killed a hornet
 10179 | D:8      | Reached skill level 5 in Invocations
 10317 | D:8      | Received a gift from Nemelex Xobeh
 10333 | D:8      | Noticed a two-headed ogre
 10340 | D:8      | Learned a level 4 spell: Hailstorm
 10588 | D:9      | Reached XP level 10. HP: 50/73 MP: 16/20
 11080 | D:9      | Reached skill level 5 in Fighting
 11080 | D:9      | Reached skill level 5 in Short Blades
 11080 | D:9      | Reached skill level 5 in Long Blades
 11080 | D:9      | Reached skill level 5 in Axes
 11080 | D:9      | Reached skill level 5 in Maces & Flails
 11080 | D:9      | Reached skill level 5 in Polearms
 11080 | D:9      | Reached skill level 5 in Staves
 11080 | D:9      | Reached skill level 5 in Slings
 11080 | D:9      | Reached skill level 5 in Bows
 11080 | D:9      | Reached skill level 5 in Crossbows
 11080 | D:9      | Reached skill level 5 in Throwing
 11080 | D:9      | Reached skill level 5 in Armour
 11080 | D:9      | Reached skill level 5 in Shields
 11080 | D:9      | Reached skill level 5 in Unarmed Combat
 11080 | D:9      | Reached skill level 5 in Evocations
 11290 | D:9      | Found a staircase to the Orcish Mines.
 11684 | D:10     | Noticed a two-headed ogre
 11722 | D:10     | Received a gift from Nemelex Xobeh
 11745 | D:10     | Identified the +1 buckler of Xijiu {Str+2}
 12009 | D:10     | Noticed a centaur warrior
 12018 | D:10     | Killed a centaur warrior
 12078 | D:10     | Killed a two-headed ogre
 12176 | D:10     | Reached *** piety under Nemelex Xobeh
 12658 | D:10     | Found a faded altar of an unknown god.
 12658 | D:10     | Found a faded altar of an unknown god.
 12660 | D:10     | Found a hazy altar of Hepliaklqana.
 12660 | D:10     | Found a faded altar of an unknown god.
 12740 | D:11     | Found a staircase to the Lair.
 12740 | D:11     | Noticed a death yak
 12752 | D:11     | Noticed a boulder beetle
 12761 | D:11     | Killed a death yak
 12762 | D:11     | Reached XP level 11. HP: 30/81 MP: 18/22
 13263 | D:11     | Noticed a wolf spider
 13264 | D:11     | Found a runed translucent gate.
 13265 | D:11     | Found the +9 staff of Olgreb {rPois∞}
 13266 | D:11     | Noticed a seven-headed hydra
 13275 | D:11     | Killed a seven-headed hydra
 13276 | D:11     | Reached skill level 5 in Conjurations
 13276 | D:11     | Reached skill level 5 in Hexes
 13276 | D:11     | Reached skill level 5 in Summonings
 13276 | D:11     | Reached skill level 5 in Necromancy
 13276 | D:11     | Reached skill level 5 in Translocations
 13276 | D:11     | Reached skill level 5 in Transmutations
 13276 | D:11     | Reached skill level 5 in Fire Magic
 13276 | D:11     | Reached skill level 5 in Air Magic
 13276 | D:11     | Reached skill level 5 in Earth Magic
 13276 | D:11     | Reached skill level 5 in Poison Magic
 13315 | D:11     | Found a runed translucent door.
 13320 | D:11     | Found a runed translucent gate.
 13321 | D:11     | Found a runed translucent door.
 13347 | D:11     | Found a runed translucent gate.
 13349 | D:11     | Noticed a wolf spider
 13349 | D:11     | Noticed a wolf spider
 13349 | D:11     | Noticed a wolf spider
 13414 | Lair:1   | Entered Level 1 of the Lair of Beasts
 13418 | Lair:1   | Noticed Joseph
 13426 | Lair:1   | Killed Joseph
 13870 | Lair:1   | Received a gift from Nemelex Xobeh
 14939 | Lair:2   | Reached **** piety under Nemelex Xobeh
 15110 | Lair:2   | Received a gift from Nemelex Xobeh
 15110 | Lair:2   | Noticed a boulder beetle
 15132 | Lair:2   | Noticed a catoblepas
 15143 | Lair:2   | Found a staircase to the Swamp.
 15143 | Lair:2   | Noticed a bog body
 15156 | Lair:2   | Killed a bog body
 15296 | Lair:2   | Killed a boulder beetle
 15314 | Lair:2   | Reached XP level 12. HP: 80/89 MP: 19/24
 15457 | Lair:2   | Identified the +11 quarterstaff of Arbitration {flame, rF++
                  | rC+}
 15560 | Lair:2   | Received a gift from Nemelex Xobeh
 15632 | Lair:2   | Killed a catoblepas
 16313 | Lair:3   | Noticed a five-headed hydra
 16325 | Lair:3   | Killed a five-headed hydra
 16404 | Lair:3   | Found a hole to the Spider Nest.
 16407 | Lair:3   | Identified the +0 chain mail of the King of the Hill {rPois
                  | Str-4 Int+8 Slay-6}
 16418 | Lair:3   | Received a gift from Nemelex Xobeh
 17212 | Lair:4   | Found a gate leading to a gauntlet.
 17241 | Gauntlet | Entered a Gauntlet
 17241 | Gauntlet | Noticed a death scarab
 17241 | Gauntlet | Found a transporter.
 17241 | Gauntlet | Found a transporter.
 17245 | Gauntlet | Found a transporter.
 17247 | Gauntlet | Found a transporter.
 17247 | Gauntlet | Found a transporter.
 17261 | Gauntlet | Found a runed translucent door.
 17268 | Gauntlet | Noticed a death scarab
 17270 | Gauntlet | Found a runed translucent door.
 17272 | Gauntlet | Found a runed translucent door.
 17274 | Gauntlet | Found a transporter.
 17277 | Gauntlet | Found a transporter.
 17288 | Gauntlet | Found a transporter.
 17326 | Gauntlet | Found a transporter.
 17359 | Gauntlet | Found a transporter.
 17362 | Gauntlet | Found a transporter.
 17363 | Gauntlet | Reached ***** piety under Nemelex Xobeh
 17365 | Gauntlet | Noticed an entropy weaver
 17383 | Gauntlet | Found a transporter.
 17385 | Gauntlet | Received a gift from Nemelex Xobeh
 17392 | Gauntlet | Noticed an anaconda
 17396 | Gauntlet | Noticed a spark wasp
 17396 | Gauntlet | a wolf spider changed into a spark wasp
 17399 | Gauntlet | a spark wasp changed into a slime creature
 17403 | Gauntlet | Noticed a two-headed ogre
 17403 | Gauntlet | a slime creature changed into a two-headed ogre
 17405 | Gauntlet | a two-headed ogre changed into a merfolk
 17547 | Gauntlet | Killed a death scarab
 17592 | Gauntlet | Noticed a radroach
 17596 | Gauntlet | Noticed a great orb of eyes
 17596 | Gauntlet | a radroach changed into a great orb of eyes
 17600 | Gauntlet | Noticed a broodmother
 17600 | Gauntlet | a great orb of eyes changed into a broodmother
 17601 | Gauntlet | Noticed a two-headed ogre
 17601 | Gauntlet | a glowing orange brain changed into a two-headed ogre
 17601 | Gauntlet | a broodmother changed into a tyrant leech
 17611 | Gauntlet | Killed a two-headed ogre
 17816 | Gauntlet | Identified the ring of Wikiluyd {Wiz Str-5 Int+7 Dex+2
                  | SInv}
 18086 | Gauntlet | Noticed a minotaur
 18093 | Gauntlet | Noticed an emperor scorpion
 18093 | Gauntlet | a minotaur changed into an emperor scorpion
 18100 | Gauntlet | Killed an emperor scorpion
 18111 | Gauntlet | Got the Guide on Translocation
 18213 | Lair:4   | Received a gift from Nemelex Xobeh
 18226 | Lair:4   | Reached XP level 13. HP: 98/98 MP: 26/26
 18251 | Lair:4   | You fall into a shaft and drop 2 floors!
 18251 | Lair:6   | Entered Level 6 of the Lair of Beasts
 18528 | Lair:6   | Received a gift from Nemelex Xobeh
 18809 | Lair:5   | Identified a scroll of acquirement
 18809 | Lair:5   | Acquired the +3 Elemental Staff {rElec rF++ rC++ AC+5}
 18809 | Lair:5   | Found the +3 Elemental Staff {rElec rF++ rC++ AC+5}
 18874 | Lair:5   | Reached skill level 10 in Ice Magic
 19727 | Lair:4   | Received a gift from Nemelex Xobeh
 20263 | Lair:4   | Reached skill level 10 in Spellcasting
 21095 | Lair:5   | Found a staircase to the Slime Pits.
 21095 | Lair:5   | Found a viscous altar of Jiyva.
 21149 | Lair:5   | Received a gift from Nemelex Xobeh
 21752 | Lair:5   | Reached skill level 10 in Dodging
 22007 | Lair:6   | Reached XP level 14. HP: 106/106 MP: 21/28
 22393 | Lair:6   | Received a gift from Nemelex Xobeh
 22458 | Lair:6   | Reached skill level 10 in Stealth
 22730 | Lair:6   | Reached skill level 10 in Invocations
 23052 | Lair:6   | Found a burning altar of Makhleb.
 23302 | Lair:6   | Found a gateway to Hell.
 24732 | D:11     | Learned a level 4 spell: Iskenderun's Mystic Blast
 24732 | D:11     | Received a gift from Nemelex Xobeh
 25683 | D:11     | HP: 4/108 [wolf spider (11)]
 26122 | D:11     | Upgraded the game from 0.29-a0-555-g3b24f45cc1 to
                  | 0.29-a0-557-g43b9904bd1
 26211 | Orc:1    | Entered Level 1 of the Orcish Mines
 26211 | Orc:1    | Found Rytycrata's Jewellery Shop.
 26929 | Orc:1    | Found a bloodstained altar of Trog.
 27078 | Orc:2    | Entered Level 2 of the Orcish Mines
 27078 | Orc:2    | Found a staircase to the Elven Halls.
 27100 | Orc:2    | Found Roirr's Antique Armour Boutique.
 27317 | Orc:2    | Noticed Azrael
 27323 | Orc:2    | Reached XP level 15. HP: 106/115 MP: 25/29
 27631 | Orc:1    | Killed Azrael
 27918 | Orc:2    | Noticed an orc warlord
 27940 | Orc:2    | Killed an orc warlord
 27968 | Orc:2    | Reached skill level 10 in Fighting
 27968 | Orc:2    | Reached skill level 10 in Short Blades
 27968 | Orc:2    | Reached skill level 10 in Long Blades
 27968 | Orc:2    | Reached skill level 10 in Axes
 27968 | Orc:2    | Reached skill level 10 in Maces & Flails
 27968 | Orc:2    | Reached skill level 10 in Polearms
 27968 | Orc:2    | Reached skill level 10 in Staves
 27968 | Orc:2    | Reached skill level 10 in Slings
 27968 | Orc:2    | Reached skill level 10 in Bows
 27968 | Orc:2    | Reached skill level 10 in Crossbows
 27968 | Orc:2    | Reached skill level 10 in Throwing
 27968 | Orc:2    | Reached skill level 10 in Armour
 27968 | Orc:2    | Reached skill level 10 in Shields
 27968 | Orc:2    | Reached skill level 10 in Unarmed Combat
 27968 | Orc:2    | Reached skill level 10 in Evocations
 27999 | Orc:2    | Noticed an orc warlord
 28288 | Orc:2    | Killed an orc warlord
 30119 | Orc:2    | Found Fynif's Assorted Antiques.
 30119 | Orc:2    | Found Goopryafo's Weapon Shop.
 30120 | Orc:2    | Found Ucuf's Antique Armour Shop.
 30120 | Orc:2    | Found Uniaqot's Weapon Boutique.
 30342 | Orc:2    | Bought a polished troll leather armour for 520 gold pieces
 30342 | Orc:2    | Identified the +1 troll leather armour of Egalitarianism
                  | {rPois Regen+ Str+3} (You bought it in a shop on level 2 of
                  | the Orcish Mines)
 30733 | Spider:1 | Entered Level 1 of the Spider Nest
 30735 | Spider:1 | Received a gift from Nemelex Xobeh
 30766 | Spider:1 | Noticed an emperor scorpion
 30778 | Spider:1 | Killed an emperor scorpion
 30796 | Spider:1 | Identified the +5 chain mail "Jojutt" {Rampage rElec
                  | Stlth+}
 31196 | Orc:1    | Bought an amulet of reflection for 510 gold pieces
 32150 | Spider:1 | Learned a level 5 spell: Lee's Rapid Deconstruction
 32227 | Spider:1 | Reached XP level 16. HP: 123/123 MP: 31/31
 32820 | D:8      | Killed Erica
 33076 | Spider:2 | You fall into a shaft and drop 1 floor!
 34801 | Spider:2 | Learned a level 6 spell: Iron Shot
 36139 | Spider:3 | Found a transporter.
 36142 | Spider:3 | Found a transporter.
 37213 | Spider:4 | Entered Level 4 of the Spider Nest
 37931 | Spider:4 | Reached XP level 17. HP: 50/131 MP: 27/33
 38155 | Spider:4 | Got the Guide on Beguiling
 38576 | Spider:4 | Received a gift from Nemelex Xobeh
 39419 | Spider:4 | Got a gossamer rune of Zot
 39797 | Spider:4 | Upgraded the game from 0.29-a0-557-g43b9904bd1 to
                  | 0.29-a0-559-g359e09b9d1
 39978 | Swamp:1  | Entered Level 1 of the Swamp
 39978 | Swamp:1  | Received a gift from Nemelex Xobeh
 40567 | Swamp:1  | Found a transporter.
 40594 | Swamp:1  | Found a transporter.
 40799 | Swamp:1  | Received a gift from Nemelex Xobeh
 40907 | Swamp:1  | Reached ****** piety under Nemelex Xobeh
 40932 | Swamp:1  | Reached skill level 10 in Conjurations
 40932 | Swamp:1  | Reached skill level 10 in Hexes
 40932 | Swamp:1  | Reached skill level 10 in Summonings
 40932 | Swamp:1  | Reached skill level 10 in Necromancy
 40932 | Swamp:1  | Reached skill level 10 in Translocations
 40932 | Swamp:1  | Reached skill level 10 in Transmutations
 40932 | Swamp:1  | Reached skill level 10 in Fire Magic
 40932 | Swamp:1  | Reached skill level 10 in Air Magic
 40932 | Swamp:1  | Reached skill level 10 in Earth Magic
 40932 | Swamp:1  | Reached skill level 10 in Poison Magic
 41228 | Swamp:2  | Noticed Nikola
 41249 | Swamp:1  | Killed Nikola
 42070 | Swamp:2  | You fall into a shaft and drop 1 floor!
 42070 | Swamp:3  | Noticed Bai Suzhen
 42070 | Swamp:3  | Received a gift from Nemelex Xobeh
 42079 | Swamp:3  | Noticed Jorgrun
 42126 | Swamp:3  | Killed Jorgrun
 42605 | Swamp:3  | Noticed Roxanne
 42789 | Swamp:3  | Killed Bai Suzhen
 42790 | Swamp:3  | Reached XP level 18. HP: 80/140 MP: 27/35
 43834 | Swamp:3  | Received a gift from Nemelex Xobeh
 44045 | Swamp:4  | Entered Level 4 of the Swamp
 44058 | Swamp:4  | Learned a level 5 spell: Summon Forest
 44288 | Swamp:4  | Found a runed translucent gate.
 44288 | Swamp:4  | Found a runed translucent gate.
 44288 | Swamp:4  | Found a runed translucent gate.
 44294 | Swamp:4  | Noticed Vioczuc's ghost (adept TrCK)
 44294 | Swamp:4  | Noticed Teuz's ghost (adept DrFE)
 46610 | Swamp:4  | Received a gift from Nemelex Xobeh
 47004 | Swamp:4  | Got a decaying rune of Zot
 47167 | Swamp:4  | Killed Vioczuc's ghost
 47171 | Swamp:4  | Killed Teuz's ghost
 47178 | Swamp:4  | Identified the +11 great mace of the Inferno {vorpal, rF+}
 47741 | D:12     | Received a gift from Nemelex Xobeh
 48174 | D:4      | Bought a +4 ring of slaying for 1092 gold pieces
 48499 | D:12     | Identified the +1 chain mail "Tiuggum" {-Tele rC+ rN+
                  | Str+4}
 49132 | D:13     | Received a gift from Nemelex Xobeh
 49200 | D:13     | Found a gate to the Vaults.
 49769 | D:14     | Received a gift from Nemelex Xobeh
 50009 | D:14     | Found a bloodstained altar of Trog.
 50215 | D:15     | Entered Level 15 of the Dungeon
 50497 | D:15     | Received a gift from Nemelex Xobeh
 51400 | D:15     | Reached XP level 19. HP: 132/148 MP: 36/36
 51567 | D:15     | Found a portal to a secret trove of treasure.
 51585 | Trove    | Entered a treasure trove
 51701 | D:15     | Found a glowing golden altar of the Shining One.
 51946 | D:15     | Found a staircase to the Depths.
 52012 | D:15     | Found a basalt altar of Yredelemnul.
 52400 | Elf:1    | Entered Level 1 of the Elven Halls
 52555 | Elf:1    | Paralysed by an air elemental for 1 turns
 52669 | Elf:1    | Noticed Zenata
 53269 | Elf:1    | Cast into level 2 of the Abyss (a deep elf sorcerer)
 53922 | Elf:1    | Escaped the Abyss
 54359 | Elf:1    | Learned a level 5 spell: Silence
 54525 | Elf:1    | Killed Zenata
 54604 | Elf:2    | Found Vul Kog's Weapon Shoppe.
 55260 | Elf:2    | Found Jablaaz's General Store.
 55266 | Elf:2    | Bought a potion of haste for 140 gold pieces
 55517 | Elf:2    | Paralysed by an air elemental for 1 turns
 55522 | Elf:2    | Paralysed by an air elemental for 1 turns
 56095 | Elf:2    | Found a runed translucent gate.
 56095 | Elf:2    | Found a runed translucent gate.
 56095 | Elf:2    | Found a runed translucent gate.
 56573 | Elf:3    | Entered Level 3 of the Elven Halls
 57119 | Elf:3    | Found Rouck's Jewellery Boutique.
 57119 | Elf:3    | Found Enaf's Book Shoppe.
 57120 | Elf:3    | Found Pacarodd's Jewellery Boutique.
 57132 | Elf:3    | Bought Great Wizards, Vol. II for 684 gold pieces
 57138 | Elf:3    | Learned a level 5 spell: Borgnjor's Vile Clutch
 59205 | Elf:3    | Identified the ring "Zanaesk" {Ice Dex+4}
 59205 | Elf:3    | Identified the ring of Zifrypyi {Str+3 Int+6}
 59593 | Elf:3    | Reached XP level 20. HP: 157/157 MP: 16/38
 59645 | Elf:3    | Identified the +1 scale mail "Cufueck" {Contam rF++ Dex+4
                  | Slay+3}
 60203 | Elf:3    | Found the +11 plutonium sword {Contam Stlth-}
 60210 | Elf:3    | Got the Catalogue of Igneous Poison
 60226 | Elf:3    | Got Irauh's Compendium of Enthralling Attacks
 60236 | Elf:3    | Identified the +1 mace "Hydra's Bane" {flame, rElec Int+2
                  | Dex+2}
 60313 | Elf:3    | Found the +3 pair of seven-league boots {Rampage+∞}
 60332 | Elf:3    | Got Jekhi's Handbook of Warped Snow
 61108 | Vaults:1 | Entered Level 1 of the Vaults
 62048 | Vaults:1 | Paralysed by a great orb of eyes for 4 turns
 62122 | Vaults:1 | Reached skill level 15 in Invocations
 62225 | Vaults:1 | Found Wennus's Armour Shoppe.
 63663 | Vaults:2 | Received a gift from Nemelex Xobeh
 64457 | Vaults:2 | Reached XP level 21. HP: 165/165 MP: 39/39
 64822 | Vaults:2 | Reached skill level 15 in Spellcasting
 65644 | Vaults:2 | Noticed Jory
 65659 | Vaults:2 | Killed Jory
 66022 | Vaults:2 | Found a staircase to the Crypt.
 66152 | Vaults:3 | Reached skill level 15 in Dodging
 66170 | Vaults:3 | Noticed Xtahua
 66235 | Vaults:3 | Killed Xtahua
 66251 | Vaults:3 | Reached skill level 15 in Stealth
 66254 | Vaults:3 | Noticed Asterion
 66271 | Vaults:3 | Killed Asterion
 67386 | Vaults:4 | Learned a level 5 spell: Manifold Assault
 67407 | Vaults:4 | Received a gift from Nemelex Xobeh
 67619 | Vaults:4 | Identified the +1 robe of Fedhas, Crafting {Contam rC+++
                  | Will+ SInv}
 68600 | Vaults:4 | Received a gift from Nemelex Xobeh
 68657 | Vaults:4 | Identified the +2 cloak of Zinix {Str+2 Dex+4 Stlth+}
 70491 | D:4      | Bought the ring of Hidgh {Fly rElec rPois rC+} for 597 gold
                  | pieces
 70979 | Elf:3    | Upgraded the game from 0.29-a0-559-g359e09b9d1 to
                  | 0.29-a0-563-g64e4043184
 71553 | Vaults:5 | Entered Level 5 of the Vaults
 71560 | Vaults:4 | Slain by a vault guard

Illustrated notes

Levels and vault maps discovered:
D:1:      minmay_arrival_shattered_statue, layout_loops_ring
D:2:      layout_basic, uniq_sigmund, uniq_terence
D:3:      layout_loops_ring, mainiacjoe_overflow_tiny_flanked, serial_shops,
          shop
D:4:      layout_rooms, mainiacjoe_overflow_alcove_1, minmay_temple_entry_hall,
          serial_shops, shop, uniq_crazy_yiuf_cottage
D:5:      layout_gridville, lemuel_tele_altar,
          gammafunk_temple_overflow_elements, nrook_loot_triangle
D:6:      layout_basic, mainiacjoe_overflow_big_doors
D:7:      layout_rooms, serial_shops, shop
D:8:      gammafunk_beogh_shrine, layout_cave_pools,
          nicolae_kikubaaqudgha_miasma_corner, enter_bailey_2, uniq_erica
D:9:      layout_loops_ring, erik_orc_3
D:10:     layout_roguey, nicolae_ashenzari_panopticon,
          nicolae_hepliaklqana_ecumenical_no_more, kennysheep_just_a_vault
D:11:     layout_gridville, david_lair_generic,
          minmay_guarded_unrand_staff_of_olgreb
D:12:     layout_irregular_city
D:13:     layout_big_octagon, david_vaults_5
D:14:     layout_rooms, trog_three_pillars_becter, nicolae_twisting_strands
D:15:     gammafunk_enter_depths_forms, layout_cave_pools,
          nicolae_tso_swordbearing_angel, enter_trove_2,
          nicolae_yredelemnul_corpse_copse
Temple:   nicolae_temple_x_marks_the_god
Lair:1:   layout_misc_corridors, uniq_joseph
Lair:2:   layout_cave_shapes, skrybe_swamp_entry_bodies, lemuel_fruit_fields,
          grunt_megastairs_4
Lair:3:   layout_cave_pods, spider_nest_entry_a, serial_bayou_shore_b,
          serial_bayou_shore_a
Lair:4:   layout_cellular_growth, gauntlet_entry_generic,
          nicolae_lair_yak_garden, grunt_megastairs_2,
          infiniplex_staircase_pool_2
Lair:5:   layout_hall_layers, slime_altar_1, minivault_27
Lair:6:   evil_forest, layout_regular_city, grunt_megastairs_1,
          lemuel_fruit_tree
Swamp:1:  gammafunk_worm_tunnel, layout_basic_swamp, hangedman_swamp_lotus
Swamp:2:  layout_basic_swamp, evilmike_swamp_ruin_house_2,
          infiniplex_staircase_pool, uniq_nikola
Swamp:3:  layout_basic_swamp, evilmike_swamp_ruin_house_6, swamp_pool1,
          uniq_jorgrun, uniq_bai_suzhen, uniq_roxanne
Swamp:4:  swamp_basic_johnstein, layout_basic_swamp, gammafunk_ghost_cemetery,
          swamp_pool1
Spider:1: layout_spider_delve, nicolae_spider_webbed_stairs
Spider:2: layout_spider_delve, einodemon_crawler_minivault
Spider:3: gammafunk_boulding_lane, portal_ice_cave_entry_ice_statue_two,
          nicolae_spider_cling_halls
Spider:4: spider_rune_water, special_room [special_room_bee]
Orc:1:    layout_caves, minmay_shop_enchanted_jewellery, lemuel_statue_altar
Orc:2:    st_orc_pillars, layout_diamond_mine, serial_shops, shop, uniq_azrael
Elf:1:    layout_rooms, hangedman_elf_disciples, uniq_zenata
Elf:2:    elven_hall_of_blades_hangedman_original [nicolae_blade_bullseye],
          layout_geoelf_grid, minmay_shoptagon
Elf:3:    elf_hall_gauntlet_wide, layout_geoelf_castle, minmay_shop_grove
Vaults:1: hangedman_vaults_pinch, v_misc_18, vaults_mumra_bighexcomb,
          vaults_mumra_hexcomb, grunt_vaults_funnel, v_misc_8,
          dpeg_vaults_monster_row, nicolae_vaults_yaktaur_gun_rack,
          nicolae_vaults_back_hallway, nicolae_vaults_diagonal_hallway_7,
          serial_ice_m, ontoclasm_vaults_gateway, vaults_room_hallway,
          layout_vaults_maze_bifur, serial_shops, shop_fountains
Vaults:2: nicolae_vaults_what_the_h, v_pattern_2, minmay_crypt_entry_simple_box,
          vaults_room_grid, nicolae_vaults_little_ls, nicolae_vaults_alarming,
          nicolae_vaults_asterisk, nicolae_vaults_specimen_jars,
          nicolae_vaults_asterisk, nicolae_vaults_ring_of_whatevers,
          layout_vaults_omnigrid, uniq_jory
Vaults:3: v_misc_32, nicolae_vaults_circle_grid_a, vaults_room_stairs_pillars,
          hangedman_vaults_cutoff, vaults_room_grid, special_room_vaults
          [special_room_orc], layout_vaults_big_room, uniq_xtahua, uniq_asterion
Vaults:4: nicolae_vaults_triangles, nicolae_vaults_inception_scallops,
          grunt_vaults_swirl, ontoclasm_vaults_claustrophobia,
          nicolae_vaults_asterisk, ontoclasm_vaults_tryst,
          nicolae_vaults_statue_guard, v_misc_8, nicolae_vaults_network_square,
          grunt_vaults_hallway_short, nicolae_vaults_windows_and_doors_thing,
          nicolae_vaults_circle_grid_b, nicolae_vaults_shelves_hall,
          layout_vaults_ring
Vaults:5

Skill      XL: |  1  2  3  4  5  6  7  8  9 10 11 12 13 14 15 16 17 18 19 20 21 |
---------------+----------------------------------------------------------------+-----
Spellcasting   | 5 6 7 8 9 10 11 12 13 14 15 | 15.4
Invocations    | 1 2 3 4 5 6 7 8 9 10 11 12 13 14 15 | 15.9
Fighting       | 1 2 3 4 5 6 7 8 9 10 11 12 13 14 | 14.7
Short Blades   | 1 2 3 4 5 6 7 8 9 10 11 12 13 14 | 14.7
Long Blades    | 1 2 3 4 5 6 7 8 9 10 11 12 13 14 | 14.7
Axes           | 1 2 3 4 5 6 7 8 9 10 11 12 13 14 | 14.7
Maces & Flails | 1 2 3 4 5 6 7 8 9 10 11 12 13 14 | 14.7
Polearms       | 1 2 3 4 5 6 7 8 9 10 11 12 13 14 | 14.7
Staves         | 1 2 3 4 5 6 7 8 9 10 11 12 13 14 | 14.7
Slings         | 1 2 3 4 5 6 7 8 9 10 11 12 13 14 | 14.7
Bows           | 1 2 3 4 5 6 7 8 9 10 11 12 13 14 | 14.7
Crossbows      | 1 2 3 4 5 6 7 8 9 10 11 12 13 14 | 14.7
Throwing       | 1 2 3 4 5 6 7 8 9 10 11 12 13 14 | 14.7
Armour         | 1 2 3 4 5 6 7 8 9 10 11 12 13 14 | 14.7
Shields        | 1 2 3 4 5 6 7 8 9 10 11 12 13 14 | 14.7
Unarmed Combat | 1 2 3 4 5 6 7 8 9 10 11 12 13 14 | 14.7
Evocations     | 1 2 3 4 5 6 7 8 9 10 11 12 13 14 | 14.7
Conjurations   | 1 2 3 4 5 6 7 8 9 10 11 12 | 12.5
Hexes          | 1 2 3 4 5 6 7 8 9 10 11 12 | 12.5
Summonings     | 1 2 3 4 5 6 7 8 9 10 11 12 | 12.5
Necromancy     | 1 2 3 4 5 6 7 8 9 10 11 12 | 12.5
Translocations | 1 2 3 4 5 6 7 8 9 10 11 12 | 12.5
Transmutations | 1 2 3 4 5 6 7 8 9 10 11 12 | 12.5
Fire Magic     | 1 2 3 4 5 6 7 8 9 10 11 12 | 12.5
Air Magic      | 1 2 3 4 5 6 7 8 9 10 11 12 | 12.5
Earth Magic    | 1 2 3 4 5 6 7 8 9 10 11 12 | 12.5
Poison Magic   | 1 2 3 4 5 6 7 8 9 10 11 12 | 12.5
Dodging        | 5 6 7 8 9 10 11 12 13 14 15 | 15.3
Stealth        | 5 6 7 8 9 10 11 12 13 14 15 | 15.2
Ice Magic      | 8 9 10 11 12 13 14 | 14.2

Action                   |  1- 3 |  4- 6 |  7- 9 | 10-12 | 13-15 | 16-18 | 19-21 || total
-------------------------+-------+-------+-------+-------+-------+-------+-------++-------
Melee: Unarmed           |     7 |       |       |       |       |       |       ||     7
       Dagger            |    16 |    22 |    31 |       |       |       |       ||    69
       Bite              |     3 |     4 |    30 |    52 |   131 |   201 |   204 ||   625
       Punch             |     2 |       |     4 |       |    16 |    42 |    44 ||   108
       Hand axe          |       |       |    74 |       |       |       |       ||    74
       Rapier            |       |       |    97 |   269 |    14 |   107 |    64 ||   551
       Quarterstaff      |       |       |       |   115 |   645 |   642 |   545 ||  1947
       Staff             |       |       |       |       |   179 |   389 |   245 ||   813
       Eudemon blade     |       |       |       |       |       |       |   151 ||   151
       Great mace        |       |       |       |       |       |       |   132 ||   132
 Fire: Hunting sling     |       |    79 |   103 |    22 |       |       |       ||   204
       Shortbow          |       |       |       |       |   139 |   398 |       ||   537
       Fustibalus        |       |       |       |       |       |    54 |   626 ||   680
Throw: Throwing net      |       |       |     1 |       |       |     2 |       ||     3
       Javelin           |       |       |       |       |     8 |     4 |     1 ||    13
 Cast: Freeze            |    44 |     4 |     3 |       |       |     1 |       ||    52
       Frozen Ramparts   |     1 |    11 |    27 |    34 |    40 |    25 |    23 ||   161
       Ozocubu's Armour  |     1 |     1 |     6 |     9 |     9 |    12 |     8 ||    46
       Dazzling Flash    |       |       |     1 |     2 |     1 |       |       ||     4
       Hailstorm         |       |       |       |       |    47 |    26 |    12 ||    85
       Iskenderun's Myst |       |       |       |       |    11 |    29 |    10 ||    50
       Lee's Rapid Decon |       |       |       |       |       |    47 |    23 ||    70
       Iron Shot         |       |       |       |       |       |     1 |    21 ||    22
       Summon Forest     |       |       |       |       |       |     1 |     2 ||     3
       Borgnjor's Vile C |       |       |       |       |       |       |     8 ||     8
       Manifold Assault  |       |       |       |       |       |       |    14 ||    14
Invok: Draw Summoning    |       |       |     1 |     2 |       |     5 |     2 ||    10
       Draw Destruction  |       |       |     1 |    14 |    17 |    21 |     7 ||    60
       Draw Escape       |       |       |     1 |       |     2 |     6 |     1 ||    10
       Triple Draw       |       |       |       |     1 |       |       |       ||     1
       Stack Five        |       |       |       |       |       |     1 |       ||     1
       Draw Stack        |       |       |       |       |       |     1 |       ||     1
 Abil: Evoke the Staff o |       |       |       |       |    20 |    38 |    43 ||   101
Evoke: Wand              |       |     5 |     1 |     6 |    11 |    20 |    25 ||    68
       Lightning rod     |       |       |       |     2 |     4 |     1 |    10 ||    17
       Condenser vane    |       |       |       |       |     1 |     2 |     3 ||     6
       Tin of tremorston |       |       |       |       |       |       |     2 ||     2
  Use: Scroll            |       |    11 |    10 |    12 |     3 |    10 |    17 ||    63
       Potion            |       |       |       |     2 |     1 |    12 |     8 ||    23
 Stab: Sleeping          |     3 |     1 |     6 |    10 |    15 |    17 |    26 ||    78
       Distracted        |       |       |     1 |       |     6 |     5 |     5 ||    17
       Invisible         |       |       |       |       |     1 |       |       ||     1
       Held in net/web   |       |       |       |       |       |     1 |       ||     1
       Paralysed         |       |       |       |       |       |     1 |       ||     1
Armor: Robe              |     5 |     6 |       |       |       |       |       ||    11
       Leather armour    |       |       |    62 |       |       |       |       ||    62
       Steam dragon scal |       |       |     7 |   134 |   192 |       |       ||   333
       Troll leather arm |       |       |       |       |    50 |   415 |   342 ||   807
       Scale mail        |       |       |       |       |       |       |    14 ||    14
Dodge: Dodged            |    37 |    47 |   236 |   382 |   884 |  1330 |   885 ||  3801
Block: Buckler           |       |       |       |    62 |       |       |       ||    62
       Other             |       |       |       |       |    11 |   299 |   195 ||   505
       Reflection        |       |       |       |       |       |     6 |    22 ||    28

Table legend: (Time is in decaauts)
 A = Elapsed time spent in this place.
 B = Non-inter-level travel time spent in this place.
 C = Inter-level travel time spent in this place.
 D = Time resting spent in this place.
 E = Time spent auto-exploring this place.
 F = Levels seen in this place.
 G = Mean time per level.
                   A        B        C        D        E       F      G
               +--------+--------+--------+--------+--------+-----+--------+
         Total |  71009 |  66022 |   4987 |  31287 |  18001 |  43 | 1651.4 |
       Dungeon |  21760 |  19016 |   2744 |   7140 |   7840 |  15 | 1450.7 |
        Temple |     79 |     79 |      0 |      0 |     47 |   1 |   79.0 |
          Lair |  10648 |   9803 |    845 |   4282 |   3213 |   6 | 1774.7 |
         Swamp |   7733 |   7662 |     71 |   4787 |   1084 |   4 | 1933.2 |
   Spider Nest |   7764 |   7579 |    185 |   4138 |   1499 |   4 | 1941.0 |
  Orcish Mines |   4092 |   3867 |    225 |   2127 |    941 |   2 | 2046.0 |
   Elven Halls |   8116 |   7852 |    264 |   4461 |    740 |   3 | 2705.3 |
        Vaults |   9235 |   8584 |    651 |   3583 |   2635 |   5 | 1847.0 |
         Abyss |    578 |    578 |      0 |    265 |      0 |   1 |  578.0 |
         Trove |     47 |     47 |      0 |      0 |      0 |   1 |   47.0 |
      Gauntlet |    953 |    953 |      0 |    501 |      0 |   1 |  953.0 |
               +--------+--------+--------+--------+--------+-----+--------+

Top non-repeatable levels by time:
   Elf:3: 4203 daAuts
 Swamp:4: 3602 daAuts
Vaults:1: 2690 daAuts
  Lair:6: 2611 daAuts
Vaults:2: 2578 daAuts
Spider:4: 2558 daAuts
Vaults:4: 2505 daAuts
    D:11: 2493 daAuts
     D:9: 2447 daAuts
Spider:3: 2342 daAuts
   Orc:1: 2160 daAuts
   Elf:1: 2147 daAuts
   Orc:2: 1932 daAuts
 Swamp:1: 1840 daAuts
  Lair:4: 1799 daAuts
